 Dungeon Crawl Stone Soup version 0.21-a0-110-g8e1637b (webtiles) character file.

76 Musica the Chiller (level 4, -4/24 HPs)
             Began as a Deep Elf Ice Elementalist on July 8, 2017.
             Killed from afar by an orc wizard (7 damage)
             ... with a magic dart
             ... on level 4 of the Dungeon.
             The game lasted 00:05:51 (1762 turns).

Musica the Chiller (Deep Elf Ice Elementalist)      Turns: 1762, Time: 00:05:52

Health: -4/24      AC:  4    Str:  5    XL:     4   Next: 12%
Magic:  7/11       EV: 10    Int: 25    God:
Gold:   57         SH:  0    Dex: 15    Spells: 3/10 levels left

rFire    . . .     SeeInvis .   o - +2 dagger (drain)
rCold    . . .     Gourm    .   (no shield)
rNeg     . . .     Faith    .   a - +1 robe
rPois    .         Spirit   .   n - +0 helmet
rElec    .         Reflect  .   (no cloak)
rCorr    .         Harm     .   (no gloves)
MR       .....                  (no boots)
Stlth    ++........             (no amulet)
HPRegen  0.08/turn              m - -3 ring of evasion (curse)
MPRegen  0.12/turn              (no ring)

@: slowed, very slow
A: talons 1, blurry vision 1, clever 2
a: no special abilities


You were on level 4 of the Dungeon.
You were hungry.

You visited 1 branch of the dungeon, and saw 4 of its levels.

You collected 57 gold pieces.

Inventory:

Hand Weapons
 o - a +2 dagger of draining (weapon)
Missiles
 k - 15 bolts
Armour
 a - a +1 robe (worn)
 n - a +0 helmet (worn)
Jewellery
 m - a cursed -3 ring of evasion (left hand)
Scrolls
 d - a scroll of identify
 i - a scroll of teleportation
Potions
 e - a potion of lignification {unknown}
 f - a potion of heal wounds {unknown}
 h - a potion of agility {unknown}
 j - a potion of berserk rage {unknown}
 p - a potion of curing {unknown}
Books
 b - a book of Frost

   Spells                             Type                      Level
   a - Freeze                         Ice                          1
   b - Throw Frost                    Conjuration/Ice              2
   c - Ozocubu's Armour               Charms/Ice                   3
   d - Throw Icicle                   Conjuration/Ice              4
   e - Summon Ice Beast               Ice/Summoning                4
Comestibles
 c - 3 bread rations
 g - a royal jelly
 l - 4 chunks of flesh
 q - a meat ration


   Skills:
 - Level 2.4 Dodging
 + Level 3.5 Stealth
 + Level 3.9 Spellcasting
 * Level 1.2 Conjurations
 + Level 4.4 Ice Magic


You had 3 spell levels left.
You knew the following spells:

 Your Spells              Type           Power        Failure   Level  Hunger
a - Freeze                Ice            ####         1%          1    None
b - Throw Frost           Conj/Ice       ###...       4%          2    #......
c - Throw Icicle          Conj/Ice       ###.....     28%         4    ####...


Dungeon Overview and Level Annotations

Branches:
Dungeon (3/15)

Altars:


Innate Abilities, Weirdness & Mutations

You have sharp toenails.
Scrolls take you a little longer to read.
Your mind is very acute. (Int +4)


Message History

Aiming: Freeze
Press: ? - help, Shift-Dir - straight line, f/p - orc
Aim: an orc, wearing a scale mail (almost dead)
You freeze the orc.
You kill the orc!
The orc wizard points at you and mumbles some strange words.
You feel yourself slow down.
You are feeling hungry.
The orc wizard casts a spell at you. The magic dart hits you!
* * * LOW HITPOINT WARNING * * *
You see here a scale mail.
You hit the orc wizard. Your kick misses the orc wizard.
The orc wizard is almost dead.
The orc wizard gestures at you while chanting.
The magic dart hits you!
* * * LOW HITPOINT WARNING * * *
The orc wizard gestures at you while chanting.
The magic dart hits you!
You die...

############
#...@o......
#.##########
...# #####


You could see an orc wizard.

Vanquished Creatures
  A gnoll (D:1)
  2 worms (D:2)
  A dart slug (D:1)
  2 leopard geckos (D:1)
  2 orcs (D:4)
  4 giant cockroaches
  7 goblins
  A hobgoblin (D:1)
  7 jackals
  6 kobolds
  A quokka (D:2)
  4 bats
  7 frilled lizards
  7 rats
52 creatures vanquished.

Notes
Turn   | Place    | Note
-------+----------+-------------------------------------------
     0 | D:1      | Musica the Deep Elf Ice Elementalist began the quest for the Orb.
     0 | D:1      | Reached XP level 1. HP: 10/10 MP: 6/6
   181 | D:1      | Reached skill level 4 in Ice Magic
   181 | D:1      | Reached XP level 2. HP: 6/15 MP: 4/8
   256 | D:1      | Learned a level 2 spell: Throw Frost
   431 | D:1      | Gained mutation: Scrolls take you a little longer to read. [potion of mutation]
   431 | D:1      | Gained mutation: Your mind is acute. (Int +2) [potion of mutation]
   431 | D:1      | Gained mutation: You have sharp toenails. [potion of mutation]
   431 | D:1      | Gained mutation: Your mind is very acute. (Int +4) [potion of mutation]
   577 | D:1      | Reached XP level 3. HP: 19/19 MP: 2/10
  1656 | D:2      | Reached XP level 4. HP: 18/24 MP: 8/11
  1665 | D:2      | Learned a level 4 spell: Throw Icicle
  1753 | D:2      | You fall through a shaft for 2 floors!
  1762 | D:4      | Killed from afar by an orc wizard

Vault maps used:
D:1:      roderic_crossed_star, st_stairs_4, minmay_lizard_king
D:2:      first_bread
D:3:      uniq_grinder, uniq_natasha
D:4:      fiery_altar_vehumet, zin_purify, gammafunk_temple_overflow_arena,
          minmay_temple_entry_statues_pillars, tgw_kikubaaqudgha, uniq_menkaure

Skill      XL: |  1  2  3 |
---------------+----------+-----
Ice Magic      | 4 |  4.4
Stealth        | 3 |  3.5
Dodging        | |  2.4
Spellcasting   | |  3.9
Conjurations   | |  1.2

Action                   |  1- 3 |  4- 6 || total
-------------------------+-------+-------++-------
Melee: Dagger            |    26 |     5 ||    31
       Kick              |     7 |     1 ||     8
 Cast: Freeze            |    46 |     7 ||    53
       Throw Frost       |     1 |       ||     1
  Use: Scroll            |     8 |       ||     8
       Potion            |     1 |       ||     1
 Stab: Sleeping          |    10 |       ||    10
  Eat: Chunk             |     2 |       ||     2
Armor: Robe              |    15 |       ||    15
Dodge: Dodged            |    21 |     2 ||    23
